montu, chaotic male human Wizard --- --- --.-- |.. |...----- --- |..--- |.......---.---- ---....--- ------...|...|.-- |........-------|....--....| |...............|...-----..-- --....@..-----......--- ---.--- -...G|.-- |........| |...-- |....---- |-.......-- ---...| |...- --.........---.--..| -.| |................-.| . --..................| -- |....%%---...--.....| |-....-| --.--|-....| |.-....| --- |..-..| |......-- |.....| --%..)..| |.....| |.<..%.| |.....| --..|..| |..|.-- ------- ------ montu the Thaumaturge Experience level: 6 Strength: 11 Dexterity: 14 Constitution: 12 Intelligence: 18 Wisdom: 12 Charisma: 9 Health: 0(57) Energy: 51(51) Def: 1 Gold: 283 Moves: 2067 Dungeon seed: pb9ghXNGK0BZpeCf Game ID: montu_1682657562 Your Inventory: Coins $ - 283 gold pieces Amulets s - a cursed amulet of strangulation Weapons a - a blessed +1 quarterstaff (weapon in hands) A - 5 uncursed +0 daggers Armor e - an uncursed +0 cloak of magic resistance (being worn) n - an uncursed +0 cloak of invisibility y - a blessed +0 orcish helm Comestibles j - an uncursed slime mold l - 4 uncursed food rations m - an uncursed lichen corpse D - an uncursed lembas wafer E - an uncursed fortune cookie Scrolls i - an uncursed scroll of confuse monster t - a cursed scroll of enchant armor w - an uncursed scroll of scare monster Spellbooks u - an uncursed spellbook of turn undead Potions o - an uncursed potion of healing r - an uncursed potion of confusion Wands b - an uncursed wand of striking (0:3) x - an uncursed wand of fire (0:7) Tools h - an uncursed blindfold k - an uncursed tin whistle p - an uncursed skeleton key B - 3 uncursed tallow candles (0:200) F - 6 uncursed wax candles (0:400) G - an uncursed mirror Gems q - 4 uncursed worthless pieces of green glass z - 2 uncursed sapphires C - an uncursed worthless piece of yellowish brown glass H - an uncursed worthless piece of red glass N - 2 uncursed worthless pieces of white glass Y - 2 uncursed worthless pieces of black glass Spells and supernatural/magical abilities: Name Level Category Cost Memory a - force bolt 1 attack 8pw 97% m - magic missile 2 attack 16pw 97% s - slow monster 2 enchantment 16pw 97% B - cure blindness 2 healing 25pw 97% W - pray for help -- divine ? -- Your skills at the end: Fighting Skills wands [Basic] Weapon Skills quarterstaff [Basic] Spellcasting Skills attack spells [Basic] enchantment spells [Basic] Final Attributes: You were piously aligned. You were magic resistant. You were telepathic. You last prayed 550 turns ago. Anhur was noncommittal. You are dead. Vanquished creatures: a gnome king 3 gnome lords a gnomish wizard 2 giant ants a floating eye 5 dwarves 5 hill orcs a rabid rat a gas spore a large kobold 2 giant rats a yellow mold 10 gnomes 2 geckos 5 jackals a fox 2 goblins 2 sewer rats 6 grid bugs 2 lichens 2 newts 56 creatures vanquished. Genocided species: Woodland-elves Green-elves Grey-elves elf-lords Elvenkings doppelgangers nurses soldiers sergeants lieutenants captains watchmen watch captains 0 species genocided by you, 13 by monsters Voluntary challenges: You used a wielded weapon 80 times, starting on turn 38. You read items or engraved 4 times, starting on turn 1833. You never genocided any monsters. You never polymorphed an object. You never changed form. You used no wishes. You never split a pudding. You wrote Elbereth's name 4 times, starting on turn 1833. You violated your moral code, losing 25 points of alignment, starting on turn 1838. Dungeon overview: The Dungeons of Doom: levels 1 to 3 Level 1 an altar to Thoth, a fountain a long staircase Level 2 a jewelry store Level 3 a weapon shop, some fountains stairs to The Gnomish Mines The Gnomish Mines: levels 4 to 5 Level 4 stairs to The Dungeons of Doom Level 5 <- You were here History has recorded: On T:1 you entered the Dungeons of Doom to retrieve the Amulet of Yendor! On T:234 you reached level 2 of The Dungeons of Doom. On T:626 you reached level 3 of The Dungeons of Doom. On T:651 you advanced to experience level 2. On T:970 you advanced to experience level 3. On T:1494 you reached level 1 of The Gnomish Mines. On T:1509 you advanced to experience level 4. On T:1665 you advanced to experience level 5. On T:1906 you reached level 2 of The Gnomish Mines. On T:1960 you let a gnome lord genocide class '@'. On T:1961 you advanced to experience level 6. Score breakdown: Gold: 283 ( 8345 points) Experience: 6 levels (12456 points) Exploration: 5 levels ( 10.20%) ( 8660 points) Discoveries: 3 items ( 1.01%) ( 3010 points) Valuables value: (no points given unless you survive) Artifact value: 0 ( 0 points) Variety of kills: 21 monsters ( 5.53%) ( 7052 points) Turncount: 2067 turns ( -49 points) Survival: died (score multiplied by 80%) Total score: 31579 Latest messages: You stop eating. [4 turns] You resume your meal. You stop eating. [6 turns] You hit the gnome. You kill the gnome! The gnome king picks up a thonged club from the floor. You hit the gnome king! The gnome king wields a thonged club! You hit the gnome king. The gnome king swings his thonged club at you. The gnome king hits! You hear a chugging sound. You hit the gnome king. (2x) The gnome king swings his thonged club at you. The gnome king hits! You hit the gnome king. The gnome king swings his thonged club at you. The gnome king hits! You hit the gnome king! The gnome king swings his thonged club at you. The gnome king hits! You die... Final status: Goodbye montu the Wizard, killed by a gnome king... You died in The Gnomish Mines on dungeon level 5 with 31579 points, and 283 pieces of gold, after 2067 moves. You were level 6 with a maximum of 57 hit points when you died.